 Dungeon Sprint DCSS version 0.26-a0-958-gf3041fb45f (webtiles) character file.

Game seed: 7866279493331926183

77 iamoutofideas the Firebug (level 4, -2/24 HPs)
             Began as a Deep Elf Fire Elementalist on Dec 1, 2020.
             Slain by a water elemental (6 damage)
             ... in the Dungeon (Sprint III: "The Ten Rune Challenge").
             The game lasted 00:01:09 (324 turns).

iamoutofideas the Firebug (DEFE)                     Turns: 324, Time: 00:01:09

Health: -2/24      AC:  3    Str:  5    XL:     4   Next: 13%
Magic:  6/12       EV: 14    Int: 21    God:
Gold:   27         SH:  0    Dex: 19    Spells: 6/14 levels left

rFire    . . .     SeeInvis .   i - +4 quarterstaff (chaos)
rCold    + . .     Faith    .   (shield currently unavailable)
rNeg     . . .     Spirit   .   a - +0 robe
rPois    .         Reflect  .   (no helmet)
rElec    .         Harm     .   j - +0 cloak
rCorr    .         Rampage  .   (no gloves)
MR       +....     NoTele   +   (no boots)
Stlth    +++.......             (no amulet)
HPRegen  0.08/turn              (no ring)
MPRegen  0.13/turn              (no ring)

@: no status effects
A: agile 2, cold resistance 1, low mp 1, magic resistance 1
a: no special abilities


You were in the Dungeon.
You visited 1 branch You collected 27 gold pieces.

Inventory:

Hand Weapons
 i - a +4 quarterstaff of chaos (weapon)
Armour
 a - a +0 robe (worn)
 j - a +0 cloak (worn)
Scrolls
 h - a scroll of blinking
 l - a scroll of holy word {unknown}
 m - a scroll of enchant weapon {unknown}
 n - 3 scrolls of remove curse
 p - a scroll of torment {unknown}
 q - 2 scrolls of identify
Potions
 b - a potion of brilliance {unknown}
 c - a potion of curing
 e - a potion of haste
 f - 2 potions of magic
 g - 2 potions of berserk rage
 o - 2 potions of flight
 r - a potion of resistance {unknown}


   Skills:
 - Level 3.7 Dodging
 - Level 3.8 Stealth
 + Level 5.7 Spellcasting
 + Level 2.6 Conjurations
 + Level 7.2 Fire Magic


You had 6 spell levels left.
You knew the following spells:

 Your Spells              Type           Power        Failure   Level
a - Foxfire               Conj/Fire      ####         1%          1
b - Sticky Flame          Conj/Fire      ####....     13%         4
c - Conjure Flame         Conj/Fire      ####....     4%          3

Your spell library contained the following spells:

 Spells                   Type           Power        Failure   Level
 Inner Flame              Hex/Fire       ###.....     7%          3
 Fireball                 Conj/Fire      ####......   36%         5


Dungeon Overview and Level Annotations

Branches:
Dungeon (1/1)

Altars:


Innate Abilities, Weirdness & Mutations

You are very agile. (Dex +4)
Your flesh is cold resistant. (rC+)
Your magical capacity is low. (-10% MP)
You are resistant to hostile enchantments. (MR+)


Message History

You slip free of the water engulfing you.
You gasp with relief as air once again reaches your lungs.
The foxfire hits the water elemental but does no damage.
The water elemental is heavily damaged.
You feel much better. The water elemental hits you!!
Ouch! That really hurt!
* * * LOW HITPOINT WARNING * * *
The water elemental engulfs you in water!
You slip free of the water engulfing you.
You gasp with relief as air once again reaches your lungs.
Casting: Foxfire (safe; 1% risk of failure)
Confirm with . or Enter, or press ? or * to list all spells.
You conjure some foxfire!
The water elemental hits you.
* * * LOW HITPOINT WARNING * * *
The foxfire hits the water elemental.
The water elemental is heavily damaged.
The foxfire hits the water elemental.
The water elemental is burned terribly!
The water elemental is severely damaged.
The water elemental hits you.
You die...

▓.†...#....≈♣♣♣♣♣.###+#+#
▓.....#...≈≈♣♣.♣♣.#......
▓§§...#..≈≈≈≈.♣.♣.'.⌠....
▓####'#..≈≈≈≈≈≈♣..#...###
▓(.[..#.≈≈≈≈≈≈....# ⌠.#
▓.....#.≈≈≈≈≈.....# .#
▓.....#.≈≈≈.......# #
▓'#####....§......#
▓.........@E......#
▓▓▓▓▓▓▓▓▓▓▓▓▓▓▓▓▓▓▓


You could see a water elemental.

Vanquished Creatures
  Crazy Yiuf (D)
  Jessica (D)
  A human (D)
  An ooze (D)
  2 rats (D)
6 creatures vanquished.

Vanquished Creatures (others)
  A hydra (D)
  48 foxfires (D)
  6 plants (D)
55 creatures vanquished.

Grand Total: 61 creatures vanquished

Notes
Turn   | Place    | Note
-------+----------+-------------------------------------------
     0 | D        | iamoutofideas the Deep Elf Fire Elementalist began the
                  | quest for the Orb.
     0 | D        | Reached XP level 1. HP: 10/10 MP: 6/6
     9 | D        | Reached skill level 4 in Fire Magic
    69 | D        | Noticed Jessica
    76 | D        | Killed Jessica
    77 | D        | Reached skill level 6 in Fire Magic
    77 | D        | Reached XP level 2. HP: 12/15 MP: 0/9
    77 | D        | Reached XP level 3. HP: 15/19 MP: 0/11
   184 | D        | Reached skill level 5 in Spellcasting
   240 | D        | Noticed Crazy Yiuf
   245 | D        | Killed Crazy Yiuf
   246 | D        | Reached skill level 7 in Fire Magic
   246 | D        | Reached XP level 4. HP: 24/24 MP: 7/13
   272 | D        | Gained mutation: Your magical capacity is low. (-10% MP)
                  | [potion of mutation]
   272 | D        | Gained mutation: Your magical capacity is very low. (-20%
                  | MP) [potion of mutation]
   272 | D        | Gained mutation: Your natural rate of healing is unusually
                  | fast. [potion of mutation]
   273 | D        | Lost mutation: Your magical capacity is very low. (-20% MP)
                  | [potion of mutation]
   273 | D        | Gained mutation: You are resistant to hostile enchantments.
                  | (MR+) [potion of mutation]
   273 | D        | Gained mutation: Your system is resistant to poisons.
                  | (rPois) [potion of mutation]
   282 | D        | Lost mutation: Your natural rate of healing is unusually
                  | fast. [potion of mutation]
   282 | D        | Lost mutation: Your system is resistant to poisons. (rPois)
                  | [potion of mutation]
   282 | D        | Lost mutation: Your magical capacity is low. (-10% MP)
                  | [potion of mutation]
   282 | D        | Gained mutation: Your flesh is cold resistant. (rC+)
                  | [potion of mutation]
   282 | D        | Gained mutation: You are agile. (Dex +2) [potion of
                  | mutation]
   282 | D        | Gained mutation: Your magical capacity is low. (-10% MP)
                  | [potion of mutation]
   282 | D        | Gained mutation: You are very agile. (Dex +4) [potion of
                  | mutation]
   298 | D        | Learned a level 4 spell: Sticky Flame
   302 | D        | Learned a level 3 spell: Conjure Flame
   302 | D        | Noticed a water elemental
   318 | D        | HP: 1/24 [water elemental (8)]
   322 | D        | Killed a five-headed hydra
   324 | D        | Slain by a water elemental

Illustrated notes

Levels and vault maps discovered:
D:        dungeon_sprint_mu [sprint_mu_entry_forest, sprint_mu_temple_rooms,
          sprint_mu_d1_spiders, sprint_mu_d2_genie, sprint_mu_d3_branching,
          sprint_mu_orc_legion, sprint_mu_elf_gauntlet, sprint_mu_hive_nellie,
          sprint_mu_lair_fedhas, sprint_mu_vaults_butterflies,
          sprint_mu_slime_circle, sprint_mu_swamp_cave, sprint_mu_snake_twists,
          sprint_mu_blade_basic, sprint_mu_crypt_lich, sprint_mu_tomb_spiral,
          sprint_mu_vestibule_basic, sprint_mu_gehenna_hellfire,
          sprint_mu_dis_giant, sprint_mu_tartarus_statrot,
          sprint_mu_cocytus_islands, sprint_mu_zot1]

Skill      XL: |  1  2  3 |
---------------+----------+-----
Fire Magic     | 6 7 |  7.2
Dodging        | 3 |  3.7
Stealth        | 3 |  3.8
Spellcasting   | 4 5 |  5.7
Conjurations   | 2 |  2.6

Action                   |  1- 3 |  4- 6 || total
-------------------------+-------+-------++-------
Melee: Unarmed           |     1 |       ||     1
 Cast: Foxfire           |    23 |     8 ||    31
  Use: Potion            |       |     4 ||     4
Dodge: Dodged            |     2 |     4 ||     6

Table legend: (Time is in decaauts)
 A = Elapsed time spent in this place.
 B = Non-inter-level travel time spent in this place.
 C = Inter-level travel time spent in this place.
 D = Time resting spent in this place.
 E = Time spent auto-exploring this place.
 F = Levels seen in this place.
 G = Mean time per level.
                   A        B        C        D        E       F      G
               +--------+--------+--------+--------+--------+-----+--------+
         Total |    324 |    313 |     11 |    180 |     12 |   1 |  324.0 |
       Dungeon |    324 |    313 |     11 |    180 |     12 |   1 |  324.0 |
               +--------+--------+--------+--------+--------+-----+--------+

Top non-repeatable levels by time:
       D: 324 daAuts
